 Dungeon Crawl Stone Soup version 0.26-a0-540-g8a0c9464d7 (webtiles) character file.

Game seed: 4433624197768794575

7 kobby the Insei (level 2, -2/26 HPs)
             Began as a Gnoll Wanderer on Aug 24, 2020.
             Slain by a phantom (4 damage)
             ... on level 2 of the Dungeon.
             The game lasted 00:01:06 (381 turns).

kobby the Insei (Gnoll Wanderer)                     Turns: 381, Time: 00:01:06

Health: -2/26      AC:  6    Str: 11    XL:     2   Next: 0%
Magic:  2/2        EV:  9    Int: 18    God:
Gold:   0          SH:  0    Dex: 13    Spells: 1/1 levels left

rFire    . . .     SeeInvis .   a - +2 dagger
rCold    . . .     Faith    .   (no shield)
rNeg     . . .     Spirit   .   f - +0 scale mail
rPois    .         Reflect  .   (no helmet)
rElec    .         Harm     .   (no cloak)
rCorr    .                      (no gloves)
MR       .....                  (no boots)
Stlth    +.........             (no amulet)
HPRegen  0.08/turn              (no ring)
MPRegen  0.08/turn              (no ring)

@: no status effects
A: distributed training, fangs 1, strong nose
a: no special abilities


You were on level 2 of the Dungeon.
You visited 1 branch of the dungeon, and saw 2 of its levels.

Inventory:

Hand Weapons
 a - a +2 dagger (weapon)
Missiles
 b - 3 curare-tipped darts (quivered)
Armour
 d - a +0 robe
 f - a +0 scale mail (worn)
Potions
 c - 2 potions of lignification
 e - a potion of degeneration {unknown}
 g - a potion of berserk rage {unknown}


   Skills:
 + Level 4.4 Fighting
 + Level 0.2 Short Blades
 + Level 0.2 Long Blades
 + Level 4.4 Axes
 + Level 0.2 Maces & Flails
 + Level 0.2 Polearms
 + Level 0.2 Staves
 + Level 0.2 Slings
 + Level 0.2 Bows
 + Level 0.2 Crossbows
 + Level 2.4 Throwing
 + Level 0.2 Armour
 + Level 2.4 Dodging
 + Level 4.0 Stealth
 + Level 0.2 Shields
 + Level 4.4 Unarmed Combat
 + Level 0.2 Spellcasting
 + Level 0.1 Conjurations
 + Level 0.1 Hexes
 + Level 0.1 Summonings
 + Level 0.1 Necromancy
 + Level 0.1 Translocations
 + Level 0.1 Transmutations
 + Level 0.1 Fire Magic
 + Level 0.1 Ice Magic
 + Level 0.1 Air Magic
 + Level 0.1 Earth Magic
 + Level 0.1 Poison Magic
 + Level 0.3 Invocations
 + Level 0.2 Evocations


You had one spell level left.
You didn't know any spells.
Your spell library was empty.

Dungeon Overview and Level Annotations

Branches:
Dungeon (2/15)

Altars:


Innate Abilities, Weirdness & Mutations

Your experience applies equally to all skills.
You have very sharp teeth.
Your uncanny sense of smell can sniff out nearby items.


Message History

The phantom hits you.
The leopard gecko bites you but does no damage.
The leopard gecko bites you but does no damage.
The leopard gecko closely misses you. The phantom barely misses you.
The worm bites you but does no damage. The leopard gecko closely misses you.
The leopard gecko bites you but does no damage.
The phantom blinks!
The leopard gecko bites you.
The leopard gecko hisses menacingly.
The leopard gecko bites you but does no damage.
The phantom hits you!
* * * LOW HITPOINT WARNING * * *
The leopard gecko closely misses you. The worm closely misses you.
The leopard gecko bites you but does no damage.
The phantom hits you.
* * * LOW HITPOINT WARNING * * *
The phantom blinks!
The leopard gecko bites you but does no damage.
The leopard gecko closely misses you. The worm barely misses you.
The leopard gecko barely misses you. The phantom hits you.
You die...

#.# ....?.
#..######......
##.............
##..#######..#
#..#.....##..#
#..#....g#.#..#
#.#######o.#..#
#.#.....#Wl#..#
#.#...?g#@l#..#
#.#.....#.w#..#
#.#.(...#.#S..#
#.#.....##....#
+######....##
..........##
####.....##
#######


You could see a phantom, a worm, an adder, an orc, 2 leopard geckos, a hobgoblin
and a goblin.

Vanquished Creatures
  2 hobgoblins (D:1)
  A kobold (D:1)
  2 bats (D:1)
  A rat (D:1)
6 creatures vanquished.

Notes
Turn   | Place    | Note
-------+----------+-------------------------------------------
     0 | D:1      | kobby the Gnoll Wanderer began the quest for the Orb.
     0 | D:1      | kobby set off with the following items: a +2 dagger, 3
                  | curare-tipped darts, 2 potions of lignification, a +0 robe
     0 | D:1      | Reached XP level 1. HP: 20/20 MP: 1/1
   223 | D:1      | Reached XP level 2. HP: 17/26 MP: 2/2
   363 | D:2      | Noticed a phantom
   381 | D:2      | Slain by a phantom

Illustrated notes

Levels and vault maps discovered:
D:1:      mainiacjoe_arrival_reflecting_pool, layout_basic
D:2:      layout_basic, minmay_3d_cube, uniq_terence

Action                   || total
-------------------------++-------
Melee: Dagger            ||    15
       Punch             ||     1
 Stab: Sleeping          ||     1
Armor: Robe              ||     2
       Scale mail        ||    13
Dodge: Dodged            ||    24

Table legend: (Time is in decaauts)
 A = Elapsed time spent in this place.
 B = Non-inter-level travel time spent in this place.
 C = Inter-level travel time spent in this place.
 D = Time resting spent in this place.
 E = Time spent auto-exploring this place.
 F = Levels seen in this place.
 G = Mean time per level.
                   A        B        C        D        E       F      G
               +--------+--------+--------+--------+--------+-----+--------+
         Total |    380 |    362 |     18 |    105 |    163 |   2 |  190.0 |
       Dungeon |    380 |    362 |     18 |    105 |    163 |   2 |  190.0 |
               +--------+--------+--------+--------+--------+-----+--------+

Top non-repeatable levels by time:
     D:1: 363 daAuts
     D:2: 17 daAuts
